 Dungeon Crawl Stone Soup version 0.25.1-2-g60ff931df9 (webtiles) character file.

Game seed: 10654383150406084880

4601 tempo the Thaumaturge (level 10, -6/55 HPs)
             Began as a Deep Elf Wizard on Sept 28, 2020.
             Was a Follower of Vehumet.
             Mangled by an 11-headed hydra (10 damage)
             ... on level 9 of the Dungeon.
             The game lasted 00:25:09 (10112 turns).

tempo the Thaumaturge (Deep Elf Wizard)            Turns: 10112, Time: 00:25:09

Health: -6/55      AC:  7    Str:  8    XL:     10   Next: 19%
Magic:  22/27      EV: 12    Int: 27    God:    Vehumet [*.....]
Gold:   408        SH:  0    Dex:  9    Spells: 18/32 levels left

rFire    + . .     SeeInvis +   b - +12 war axe "Cadeil" {flame, rF+ rC+ Str+4 SInv}
rCold    + . .     Gourm    .   (no shield)
rNeg     . . .     Faith    .   q - +0 leather armour
rPois    .         Spirit   .   M - +2 hat
rElec    .         Reflect  .   z - scarf {harm}
rCorr    .         Harm     +   R - +0 pair of gloves
MR       +....                  A - +0 pair of boots
Stlth    +.........             w - amulet of regeneration
HPRegen  0.58/turn              G - -4 ring of dexterity (curse)
MPRegen  0.20/turn              f - ring of attention (curse)

@: no status effects
A: no striking features
a: Renounce Religion


You were on level 9 of the Dungeon.
You worshipped Vehumet.
Vehumet was aware of your devotion.
You were not hungry.

You visited 2 branches of the dungeon, and saw 10 of its levels.

You collected 408 gold pieces.

Inventory:

Hand Weapons
 b - the +12 war axe "Cadeil" (weapon) {flame, rF+ rC+ Str+4 SInv}
   (You found it on level 8 of the Dungeon)

   It has been specially enchanted to burn those struck by it, causing extra
   injury to most foes and up to half again as much damage against particularly
   susceptible opponents.
   Big, fiery blades are also staple armaments of hydra-hunters.
   It affects your strength (+4).
   It protects you from fire.
   It protects you from cold.
   It lets you see invisible.
 L - a +2 trident of venom
Missiles
 e - 10 javelins (quivered)
 E - 62 bolts
Armour
 g - a +1 tower shield of reflection
 q - a +0 leather armour (worn)
 z - a scarf of harm (worn)
 A - a +0 pair of boots (worn)
 C - the +4 ring mail "Ymeucoqis" {+Inv +Fly rElec, unknown}
   (You found it on level 5 of the Dungeon)

   It insulates you from electricity.
   It lets you turn invisible.
   It lets you fly.
 M - a +2 hat (worn)
 R - a +0 pair of gloves (worn)
Jewellery
 c - an uncursed ring of fire
 f - a cursed ring of attention (right hand)
 w - an amulet of regeneration (around neck)
 y - an uncursed ring of ice
 G - a cursed -4 ring of dexterity (left hand)
 P - a +6 ring of strength {unknown}
Wands
 u - a wand of flame (18)
 N - a wand of polymorph (8)
 S - a wand of enslavement (9)
Scrolls
 i - a scroll of blinking {unknown}
 k - 4 scrolls of fear {unknown}
 l - 6 scrolls of identify {unknown}
 m - 4 scrolls of remove curse {unknown}
 n - 7 scrolls of teleportation {unknown}
 s - 3 scrolls of noise {unknown}
 t - 4 scrolls of amnesia {unknown}
 x - a scroll of enchant armour {unknown}
 D - a scroll of vulnerability {unknown}
 H - a scroll of immolation {unknown}
 J - a scroll of acquirement {unknown}
 O - a scroll of random uselessness {unknown}
 Q - a scroll of summoning {unknown}
Potions
 a - a potion of invisibility {unknown}
 h - a potion of might {unknown}
 j - 5 potions of curing {unknown}
 o - a potion of lignification {unknown}
 p - 2 potions of magic {unknown}
 r - 2 potions of stabbing {unknown}
 v - a potion of haste {unknown}
 B - 4 potions of degeneration {unknown}
 F - a potion of mutation {unknown}
 I - a potion of heal wounds {unknown}
 K - 2 potions of resistance {unknown}
Comestibles
 d - 22 rations
 T - 2 chunks of flesh


   Skills:
 + Level 2.9 Fighting
 - Level 2.1 Armour
 - Level 2.4 Dodging
 - Level 2.4 Stealth
 - Level 3.0 Shields
 * Level 11.8 Spellcasting
 * Level 9.3 Conjurations
 - Level 2.2 Charms
 - Level 1.1 Summonings
 - Level 1.1 Translocations
 + Level 5.7 Fire Magic
 - Level 1.0 Air Magic
 - Level 2.0 Poison Magic


You had 18 spell levels left.
You knew the following spells:

 Your Spells              Type           Power        Failure   Level  Hunger
a - Magic Dart            Conj           ####         1%          1    None
b - Mephitic Cloud        Conj/Pois/Air  #####...     2%          3    None
c - Call Imp              Summ           ###.....     4%          2    None
d - Blink                 Tloc           N/A          4%          2    None
e - Conjure Flame         Conj/Fire      ######..     1%          3    None
f - Shock                 Conj/Air       ####         1%          1    None
g - Swiftness             Chrm/Air       ###.....     4%          2    None

Your spell library contained the following spells:

 Spells                   Type           Power        Failure   Level  Hunger
 Sandblast                Erth           ###...       4%          1    None
 Static Discharge         Conj/Air       #####...     1%          3    None
 Freeze                   Ice            ###.         4%          1    None
 Slow                     Hex            ###.....     8%          2    None
 Hailstorm                Conj/Ice       #####...     8%          4    None
 Ozocubu's Armour         Chrm/Ice       ###.....     10%         3    None
 Frozen Ramparts          Ice            ###...       16%         3    None
 Lightning Bolt           Conj/Air       #####.....   17%         5    ###....
 Airstrike                Air            ###.......   32%         4    None
 Summon Ice Beast         Ice/Summ       ###.....     36%         4    None


Dungeon Overview and Level Annotations

Branches:
Dungeon (9/15)             Temple (1/1) D:7
   Lair: D:8-11         Orc: D:9-12

Altars:
Ashenzari
Cheibriados
Dithmenos
Elyvilon
Fedhas
Gozag
Hepliaklqana
Kikubaaqudgha
Makhleb
Nemelex Xobeh
Okawaru
Qazlal
Ru
Sif Muna
Trog
Uskayaw
Vehumet
Wu Jian
Xom
Yredelemnul
Zin
The Shining One

Annotations:
D:9 Godmorgon's ghost, novice CeHu


Message History

The 11-headed hydra resists with almost no effort.
Casting: Conjure Flame (safe; 1% risk of failure)
Confirm with . or Enter, or press ? or * to list all spells.
A beastly little devil appears in a puff of flame.
Unknown command.
The 11-headed hydra is engulfed in blazing flames.
You swap places.
The 11-headed hydra bites your crimson imp.
The 11-headed hydra bites your crimson imp!
Your crimson imp dies!
Godmorgon's ghost is engulfed in blazing flames.
Casting: Call Imp (safe; 4% risk of failure)
Confirm with . or Enter, or press ? or * to list all spells.
A beastly little devil appears in a puff of flame.
Godmorgon's ghost is engulfed in blazing flames.
Your crimson imp hits the 11-headed hydra.
The 11-headed hydra bites you! x4
* * * LOW HITPOINT WARNING * * *
The 11-headed hydra closely misses you. The 11-headed hydra bites you!
You die...

...#...#####.#..#.....#.########.
...#...# #.#.##.....#.# #.
...#...# #.#.#.....##.# #.
...#...# #.#.#.....#..# #.
...#...# #.#.#.....#..# #.
...#...# #.'.#.....##.# #.
...###.#####.#.#......#.## #.
.....#.......#.#'###..#..# #.
.....###.....#..@..#..#..#######.
.......#.....#...D5#..#..........
.......#######....W####..........
.................................
....###..........######..........
....# #..........# #..........
##### #........>.# #.#########
#..........# #.#
#..........######.#


You could see a 11-headed hydra, Godmorgon's ghost and a friendly crimson imp
(summoned).

Vanquished Creatures
  The ghost of Konebred the Ruffian, a novice DrTm (D:6)
  Prince Ribbit (D:7)
  3 hippogriffs
  4 ice beasts
  An orc warrior (D:8)
  A black bear (D:3)
  A hornet zombie (D:6)
  3 sky beasts
  4 centaurs
  8 ogres
  5 bullfrogs
  A big kobold (D:7)
  A gnoll sergeant (D:9)
  2 scorpions
  6 killer bees (D:7)
  2 crimson imps
  4 jellies
  A quasit (D:8)
  3 hounds
  A bullfrog skeleton (D:6)
  2 orc priests (D:8)
  4 orc wizards
  3 iguanas
  4 worker ants
  A hound zombie (D:8)
  2 hound skeletons (D:4)
  7 gnolls
  6 adders
  2 shadow imps
  A white imp (D:9)
  3 worms
  A dart slug (D:4)
  7 leopard geckos
  22 orcs
  12 bats
  7 giant cockroaches
  11 goblins
  6 hobgoblins
  7 jackals
  5 quokkas
  2 ball pythons
  8 frilled lizards
  A giant cockroach zombie (D:6)
  8 kobolds
  2 leopard gecko zombies
  A quokka skeleton (D:8)
  9 rats
197 creatures vanquished.

Vanquished Creatures (collateral kills)
  A jackal (D:7)
1 creature vanquished.

Vanquished Creatures (others)
  3 plants (D:9)
3 creatures vanquished.

Grand Total: 201 creatures vanquished

Notes
Turn   | Place    | Note
-------+----------+-------------------------------------------
     0 | D:1      | tempo the Deep Elf Wizard began the quest for the Orb.
     0 | D:1      | Reached XP level 1. HP: 10/10 MP: 7/7
   278 | D:1      | Reached XP level 2. HP: 16/16 MP: 3/9
   566 | D:1      | Reached skill level 5 in Spellcasting
   903 | D:2      | Reached XP level 3. HP: 20/20 MP: 8/11
   908 | D:2      | Learned a level 3 spell: Mephitic Cloud
   911 | D:2      | Learned a level 2 spell: Call Imp
   914 | D:2      | Learned a level 2 spell: Blink
   918 | D:2      | Learned a level 3 spell: Conjure Flame
  1032 | D:2      | Noticed a bullfrog
  1194 | D:2      | Reached skill level 1 in Fighting
  1195 | D:2      | Reached skill level 1 in Armour
  1384 | D:2      | Reached XP level 4. HP: 23/25 MP: 6/13
  1848 | D:2      | Reached skill level 6 in Spellcasting
  1848 | D:2      | Reached XP level 5. HP: 29/29 MP: 8/15
  1913 | D:2      | Reached skill level 1 in Shields
  1913 | D:2      | Reached skill level 1 in Poison Magic
  3180 | D:3      | Noticed a black bear
  3463 | D:3      | Killed a black bear
  3463 | D:3      | Reached skill level 1 in Fire Magic
  3463 | D:3      | Reached skill level 1 in Air Magic
  3463 | D:3      | Reached XP level 6. HP: 34/34 MP: 7/17
  3987 | D:4      | Reached skill level 7 in Spellcasting
  4492 | D:4      | Found a hide-covered altar of Uskayaw.
  4568 | D:5      | Entered Level 5 of the Dungeon
  4646 | D:5      | Reached XP level 7. HP: 38/38 MP: 13/19
  4827 | D:5      | Got a slimy ring mail
  5064 | D:5      | Reached skill level 5 in Conjurations
  5335 | D:6      | Reached skill level 8 in Spellcasting
  5543 | D:6      | Found a basalt altar of Yredelemnul.
  5642 | D:6      | Learned a level 1 spell: Shock
  5645 | D:6      | Learned a level 2 spell: Swiftness
  5754 | D:6      | Found a runed translucent gate.
  5755 | D:6      | Found a runed translucent gate.
  5758 | D:6      | Noticed Konebred's ghost (novice DrTm)
  5759 | D:6      | Found a runed translucent gate.
  5781 | D:6      | Killed Konebred's ghost
  5781 | D:6      | Reached XP level 8. HP: 41/44 MP: 11/22
  5962 | D:6      | Reached skill level 9 in Spellcasting
  6810 | D:7      | Noticed a hippogriff
  6823 | D:7      | Killed a hippogriff
  6823 | D:7      | Reached XP level 9. HP: 48/48 MP: 15/24
  6890 | D:7      | Reached skill level 10 in Spellcasting
  7499 | D:7      | Found a staircase to the Ecumenical Temple.
  7513 | Temple   | Entered the Ecumenical Temple
  7613 | Temple   | Became a worshipper of Vehumet
  7714 | D:7      | Noticed Prince Ribbit
  7731 | D:7      | Killed Prince Ribbit
  7880 | D:7      | Found a shattered altar of Ashenzari.
  8106 | D:8      | Reached skill level 5 in Fire Magic
  8213 | D:8      | Reached skill level 11 in Spellcasting
  8424 | D:8      | Got a masterwork war axe
  8428 | D:8      | Found an iron altar of Okawaru.
  8433 | D:8      | Identified the +12 war axe "Cadeil" {flame, rF+ rC+ Str+4
                  | SInv} (You found it on level 8 of the Dungeon)
  8715 | D:8      | Reached XP level 10. HP: 51/54 MP: 24/27
  8791 | D:8      | Reached * piety under Vehumet
  8791 | D:8      | Offered knowledge of Sandblast by Vehumet.
  9360 | D:9      | Found an opulent altar of Gozag.
  9510 | D:9      | Noticed Godmorgon's ghost (novice CeHu)
  9510 | D:9      | Noticed an 11-headed hydra
  9511 | D:9      | Found a runed translucent gate.
  9511 | D:9      | Found a runed translucent gate.
  9511 | D:9      | Found a runed translucent gate.
 10112 | D:9      | Mangled by an 11-headed hydra

Illustrated notes

Levels and vault maps discovered:
D:1:      tarquinn_simple_flora_water_e, layout_basic
D:2:      layout_basic, first_ration
D:3:      layout_basic
D:4:      layout_basic, kennysheep_little_box, minmay_strange_pillars
D:5:      layout_rooms, grunt_ministairs_3
D:6:      layout_loops_ring, ebering_ghost_rock_garden, nicolae_benzene_ring,
          lemuel_tele_altar
D:7:      layout_basic, temple_hall, basic_altar, grunt_ogre_cave,
          uniq_prince_ribbit1
D:8:      layout_basic, kennysheep_okawaru_gauntlet
D:9:      layout_irregular_city, basic_altar, gammafunk_ghost_hydra_chop,
          minmay_fire_ice_demons
Temple:   kilobyte_greek_temple

Skill      XL: |  1  2  3  4  5  6  7  8  9 |
---------------+----------------------------+-----
Spellcasting   | 5 6 7 8 9 11 | 11.8
Fighting       | 1 2 |  2.9
Conjurations   | 2 3 4 6 7 9 |  9.3
Armour         | 1 2 |  2.1
Shields        | 1 2 3 |  3.0
Poison Magic   | 1 2 |  2.0
Fire Magic     | 1 2 4 5 |  5.7
Air Magic      | 1 |  1.0
Charms         | 2 |  2.2
Dodging        | |  2.4
Stealth        | |  2.4
Summonings     | |  1.1
Translocations | |  1.1

Action                   |  1- 3 |  4- 6 |  7- 9 | 10-12 || total
-------------------------+-------+-------+-------+-------++-------
Melee: Unarmed           |     9 |       |       |       ||     9
       Broad axe         |       |     3 |    18 |       ||    21
       Long sword        |       |       |     9 |       ||     9
       War axe           |       |       |     3 |    12 ||    15
 Cast: Magic Dart        |    81 |   154 |   222 |    59 ||   516
       Mephitic Cloud    |     3 |     2 |    19 |     5 ||    29
       Conjure Flame     |     2 |       |    18 |     3 ||    23
       Blink             |       |     1 |     3 |     1 ||     5
       Call Imp          |       |       |     5 |     5 ||    10
Evoke: Wand              |       |       |       |     1 ||     1
 Stab: Confused          |     1 |     1 |     1 |     2 ||     5
  Eat: Chunk             |     1 |    10 |    13 |     4 ||    28
Armor: Robe              |     2 |       |       |       ||     2
       Leather armour    |       |     6 |    21 |     2 ||    29
Dodge: Dodged            |     8 |    17 |    61 |     9 ||    95
       Rpst.: Long sword |       |       |     6 |       ||     6
